 Dungeon Crawl Stone Soup version bcrawl-1.31.4 (webtiles) character file.

Game seed: 916992719297375879

72353 Morbidden the Sneak (level 2, 30/30 HPs)
             Began as an Ent Sloth Apostle on June 19, 2021.
             Was an Initiate of Cheibriados.
             Quit the game on level 3 of the Dungeon.
             The game lasted 00:01:20 (1896 turns).

Morbidden the Sneak (Ent Sloth Apostle)             Turns: 1896, Time: 00:01:21

Health: 30/30      AC:  9    Str: 20    XL:     2   Next: 93%
Magic:  3/3        EV:  6    Int: 13    God:    Cheibriados [......]
Gold:   131        SH:  8    Dex: 10    Spells: 2/3 levels left

rFire    . . .     SeeInvis .   h - +0 quarterstaff
rCold    . . .     Gourm    .   a - +0 medium shield
rNeg     + + +     Faith    .   (armour unavailable)
rPois    +         Spirit   .   (helmet restricted)
rElec    .         Reflect  .   (no cloak)
rCorr    .         Harm     .   (gloves unavailable)
MR       .....                  (boots unavailable)
Stlth    ++........             (no amulet)
HPRegen  0.10/turn              (no ring)
MPRegen  0.08/turn              (no ring)

@: very slow
A: large, slow actions, passwall, strong branches, negative energy resistance 3,
poison resistance, slow metabolism 1, torment resistance, unbreathing, AC +9
a: Passwall, Bend Time, Renounce Religion


You were on level 3 of the Dungeon.
You worshipped Cheibriados.
Cheibriados was noncommittal.
You were not hungry.

You visited 1 branch of the dungeon, and saw 3 of its levels.

You collected 131 gold pieces.

Inventory:

Hand Weapons
 h - a +0 quarterstaff (weapon)
Armour
 a - a +0 medium shield (worn)
Wands
 b - a wand of paralysis (10)
Scrolls
 f - 2 scrolls of teleportation {unknown}
 i - a scroll of identify
 j - a scroll of fog {unknown}
Potions
 c - 2 potions of flight {unknown}
 d - a potion of degeneration {unknown}
 g - 2 potions of mutation {unknown}
 k - a potion of agility {unknown}
 l - a potion of heal wounds {unknown}
Comestibles
 e - 4 rations {!d}


   Skills:
 * Level 2.2 Fighting
 * Level 0.1 Dodging
 + Level 4.3 Stealth
 + Level 1.8 Shields
 + Level 2.3 Unarmed Combat
 + Level 1.2 Spellcasting
 + Level 2.1 Hexes
 * Level 0.2 Invocations
 + Level 0.8 Evocations


You had 2 spell levels left.
You knew the following spells:

 Your Spells              Type           Power        Failure   Level  Hunger
a - Slow                  Hex            #.......     58%         1    None
Your spell library was empty.

Dungeon Overview and Level Annotations

Branches:
Dungeon (3/12)

Altars:
Okawaru
Uskayaw
Wu Jian


Innate Abilities, Weirdness & Mutations

You move and act slowly.
You can pass through walls and trees.
Your branches can wield two-handed weapons with a shield.
Your thick bark is tough. (AC +9)
You are too large for most types of armour.
You are immune to negative energy. (rN+++)
Your system is resistant to poisons. (rPois)
You have a slow metabolism.
You are immune to unholy pain and torment.
You can survive without breathing.


Message History

There is an open door here.
There is an open door here.
Done exploring.
No target in view!
Done exploring.
No target in view!
Done exploring.
No target in view!
Done exploring.
No target in view!
No target in view!
Done exploring.
Done exploring.
There is a stone staircase leading down here.
You climb downwards.
A frilled lizard comes into view.
Found 124 arrows.
Found a stone staircase leading down.
There is a stone staircase leading up here.
No path to travel!
Are you sure you want to abandon this character and quit the game? (Confirm with "yes".)

.l##
..# ..#
.(# #.#
#.#
#>##.##
#@....#
#.##..#
..# #
####


You could see a frilled lizard (sleeping).

Vanquished Creatures
  A leopard gecko (D:1)
  2 bats (D:1)
  5 goblins
  4 hobgoblins
  A jackal (D:1)
  6 kobolds
  2 ball pythons (D:1)
  2 frilled lizards (D:2)
  A rat (D:2)
24 creatures vanquished.

Notes
Turn   | Place    | Note
-------+----------+-------------------------------------------
     0 | D:1      | Morbidden the Ent Sloth Apostle began the quest for the
                  | Orb.
     0 | D:1      | Reached XP level 1. HP: 22/22 MP: 2/2
   315 | D:1      | Reached skill level 4 in Stealth
   327 | D:1      | Reached XP level 2. HP: 30/30 MP: 3/3
  1364 | D:2      | Found a faded altar of an unknown god.
  1517 | D:2      | Found an ornate altar of the Wu Jian Council.
  1608 | D:2      | Found a hide-covered altar of Uskayaw.
  1744 | D:2      | Found an iron altar of Okawaru.
  1896 | D:3      | Quit the game

Skill      XL: |  1 |
---------------+----+-----
Stealth        | 4 |  4.3
Fighting       | |  2.2
Dodging        | |  0.1
Shields        | |  1.8
Unarmed Combat | |  2.3
Spellcasting   | |  1.2
Hexes          | |  2.1
Invocations    | |  0.2
Evocations     | |  0.8

Action                   || total
-------------------------++-------
Melee: Unarmed           ||    67
       Quarterstaff      ||    15
 Stab: Sleeping          ||     3
  Eat: Chunk             ||     6
Armor: Skin              ||    52
Dodge: Dodged            ||    15
Block: Medium shield     ||    37
